 Dungeon Crawl Stone Soup version 0.25-a0-663-gace7076f2c (webtiles) character file.

Game seed: 10253395364103916202, levelgen mode: deterministic

17050 pg42 the Covert (level 12, -7/89 HPs)
             Began as a Vampire Assassin on Mar 23, 2020.
             Was a High Priest of Dithmenos.
             Blown up by an orb spider (35 damage)
             ... with an orb of destruction
             ... on level 1 of the Spider Nest on Mar 24, 2020.
             The game lasted 04:37:53 (16296 turns).

pg42 the Covert (Vampire Assassin)                 Turns: 16296, Time: 04:37:53

Health: -7/89      AC: 16    Str: 11      XL:     12   Next: 15%
Magic:  0/13       EV: 20    Int: 13 (14) God:    Dithmenos [*****.]
Gold:   806        SH:  0    Dex: 19      Spells: 11/11 levels left

rFire    . . .     SeeInvis +   u - +5 dagger (protect)
rCold    . . .     Gourm    .   (no shield)
rNeg     . . .     Faith    .   r - +1 leather armour {rPois}
rPois    +         Spirit   +   H - +2 helmet
rElec    .         Reflect  .   h - scarf {Spirit}
rCorr    .         Harm     .   D - +2 pair of gloves
MR       +....                  l - +1 pair of boots
Stlth    ++++++++..             (no amulet)
HPRegen  0.44/turn              (no ring)
MPRegen  0.13/turn              (no ring)

@: about to teleport, regenerating quickly, wreathed by umbra
A: no food, fangs 3, hooves 1, icy blue scales 1, molten scales 1, see
invisible, unbreathing
a: Exsanguinate, Shadow Step, Shadow Form, Renounce Religion


You were on level 1 of the Spider Nest.
You worshipped Dithmenos.
Dithmenos was extremely pleased with you.
You were alive.

You visited 4 branches of the dungeon, and saw 16 of its levels.

You collected 806 gold pieces.

Inventory:

Hand Weapons
 g - a +2 dagger of venom
 i - a +0 longbow
 s - a +0 rapier
 u - a +5 dagger of protection (weapon)
 N - a +1 short sword of venom
Missiles
 d - a poisoned dart (quivered)
 k - 104 bolts
 t - 40 sling bullets
 y - 11 boomerangs
 B - 201 arrows
 O - 7 atropa-tipped darts
 Q - 6 silver javelins
Armour
 b - a +2 robe
 h - a scarf of spirit shield (worn)
 l - a +1 pair of boots (worn)
 r - a +1 leather armour of poison resistance (worn)
 D - a +2 pair of gloves (worn)
 H - a +2 helmet (worn)
Magical Staves
 p - an uncursed staff of earth
 E - an uncursed staff of earth
Wands
 w - a wand of acid (5)
 z - a wand of iceblast (9)
 C - a wand of random effects (36)
 L - a wand of polymorph (7)
 P - a wand of enslavement (2)
Scrolls
 a - 2 scrolls of magic mapping
 e - 6 scrolls of identify
 v - a scroll of blinking
 x - a scroll of teleportation
 A - 9 scrolls of remove curse
 I - a scroll of brand weapon {unknown}
 S - a scroll of fog
 V - a scroll of amnesia
 X - a scroll of immolation
Potions
 c - a potion of ambrosia {unknown}
 f - a potion of might
 j - a potion of mutation
 m - a potion of stabbing
 n - a potion of brilliance
 o - 2 potions of resistance
 q - a potion of curing
 F - 2 potions of haste
 G - a potion of magic {unknown}
 J - a potion of flight {unknown}
 R - a potion of invisibility {unknown}


   Skills:
 + Level 6.4 Fighting
 + Level 10.1 Short Blades
 + Level 9.3 Throwing
 + Level 0.1 Armour
 + Level 10.5 Dodging
 + Level 13.3 Stealth
 + Level 1.1 Unarmed Combat
 + Level 1.7 Evocations


You had 11 spell levels left.
You didn't know any spells.
Your spell library contained the following spells:

 Spells                   Type           Power        Failure   Level  Hunger
 Confusing Touch          Hex            #.......     77%         3    N/A
 Gell's Gravitas          Tloc           #.........   77%         3    N/A
 Petrify                  Tmut/Erth      #.......     99%         4    N/A
 Metabolic Englaciation   Hex/Ice        #.........   100%        5    N/A
 Yara's Violent Unravell  Hex/Tmut       #.........   100%        5    N/A

Dungeon Overview and Level Annotations

Branches:
Dungeon (11/15)            Temple (1/1) D:4            Lair (3/6) D:11
 Shoals (0/4) Lair:3       Spider (1/4) Lair:3
    Orc: D:9-12

Altars:
Ashenzari
Dithmenos
Elyvilon
Fedhas
Gozag
Hepliaklqana
Makhleb
Nemelex Xobeh
Okawaru
Qazlal
Ru
Sif Muna
Uskayaw
Vehumet
Wu Jian
Xom
The Shining One

Shops:
D:10 [

Annotations:
D:2 Sigmund
Lair:2 sixsigma's ghost, journeyman MiFi
Lair:3 3 runed translucent doors, Naannir's ghost, journeyman SpAs


Innate Abilities, Weirdness & Mutations

You do not eat.
Your natural rate of healing is unusually fast.
You have razor-sharp teeth.
You have supernaturally acute eyesight. (SInv)
You can survive without breathing.
You have large cloven feet.
You are partially covered in icy blue scales. (AC +2)
You are partially covered in molten scales. (AC +2)


Message History

Press: ? - help, Shift-Dir - straight line, f/p - orb spider
Aim: an orb spider (heavily wounded, very poisoned, fully charged, umbra)
You throw a poisoned dart. The poisoned dart hits the orb spider.
The orb spider looks even sicker.
The orb spider is heavily wounded.
Throwing (i - inventory. (/) - cycle)
d - 2 poisoned darts (quivered)
Press: ? - help, Shift-Dir - straight line, f/p - orb spider
Aim: an orb spider (severely wounded, very poisoned, fully charged, umbra)
You throw a poisoned dart. The poisoned dart hits the orb spider!!
The orb spider looks as sick as possible!
The orb spider is severely wounded.
The orb spider weaves a glowing orb of energy.
An orb of destruction comes into view.
A tarantella comes into view.
As you read the scroll of teleportation, it crumbles to dust.
You feel strangely unstable.
You kill the orb spider!
Dithmenos accepts your kill. The orb of destruction hits you!!!
You die...

.......#.............
....###......#.....#.#
#............#.......#
..#..#.................#
.?.##.#........#.#..s..#
#.#........>..........##
#......%..<..^#.#.......
#.......................
#....#.......##@.......
###.....s.^#.○○......#
#........^#○.........
#.†..#...#○.......).#
#.......(°......#....
######..(.#.....#....
#(.......#.......
#....#..####..###
#....#### ###


You could see a tarantella (wandering).

Vanquished Creatures
  A two-headed ogre (D:11)
  An unseen horror (D:10)
  An orb spider (Spider:1)
  2 wolf spiders (Spider:1)
  2 elephants
  A spiny frog (Lair:3)
  A black mamba (Lair:1)
  A gargoyle (D:10)
  A demonic crawler (Spider:1)
  2 komodo dragons
  Grinder (D:4)
  3 blink frogs (Lair:3)
  5 hippogriffs
  A wraith (D:9)
  18 yaks
  A redback (Spider:1)
  A tarantella (Spider:1)
  A vampire (D:10)
  2 hungry ghosts
  3 water moccasins
  3 porcupines
  2 orc warriors
  4 black bears
  3 ice beasts
  3 sky beasts
  7 ogres
  A phantom (D:10)
  A necrophage (D:10)
  6 wolves (Lair:3)
  3 crocodiles
  A big kobold (D:8)
  16 bullfrogs
  A gnoll sergeant (D:9)
  A wyvern zombie (D:10)
  4 wights (D:8)
  15 killer bees (D:8)
  An electric eel (Lair:3)
  6 howler monkeys
  3 centaur zombies
  4 crimson imps
  2 quasits
  8 hounds
  5 jellies
  2 centaur skeletons
  A gnoll shaman (D:7)
  3 orc priests
  A bullfrog skeleton (D:9)
  13 orc wizards
  Ijyb (D:2)
  An iguana (D:9)
  6 worker ants
  A hound skeleton (D:8)
  A worker ant zombie (D:5)
  12 gnolls
  A howler monkey skeleton (D:11)
  8 adders
  3 shadow imps
  An ooze (D:7)
  2 worms (D:4)
  7 leopard geckos
  30 orcs
  8 giant cockroaches
  9 goblins
  3 hobgoblins
  9 jackals
  7 kobolds
  5 quokkas
  8 bats
  7 frilled lizards
  A giant cockroach zombie (D:6)
  2 quokka zombies (D:8)
  5 rats
307 creatures vanquished.

Vanquished Creatures (collateral kills)
  A demonic crawler (Spider:1)
1 creature vanquished.

Vanquished Creatures (others)
  A tarantella (Spider:1)
  4 fungi
  10 plants
15 creatures vanquished.

Grand Total: 323 creatures vanquished

Notes
Turn   | Place    | Note
-------+----------+-------------------------------------------
     0 | D:1      | pg42 the Vampire Assassin began the quest for the Orb.
     0 | D:1      | Reached XP level 1. HP: 16/16 MP: 1/1
    48 | D:1      | Reached skill level 6 in Stealth
   342 | D:1      | Reached XP level 2. HP: 22/22 MP: 2/2
  1232 | D:2      | Noticed Ijyb
  1257 | D:2      | Killed Ijyb
  1257 | D:2      | Reached XP level 3. HP: 27/27 MP: 3/3
  1309 | D:2      | Noticed Sigmund
  1330 | D:2      | You fall into a shaft and drop 2 floors!
  1387 | D:3      | Reached skill level 7 in Stealth
  1387 | D:3      | Reached XP level 4. HP: 33/33 MP: 4/4
  2235 | D:3      | Found a white marble altar of Elyvilon.
  2399 | D:3      | Found a faded altar of an unknown god.
  2826 | D:4      | Found a staircase to the Ecumenical Temple.
  2962 | D:4      | Reached XP level 5. HP: 38/38 MP: 5/5
  2978 | D:4      | Noticed an ogre
  3021 | D:4      | Killed an ogre
  3176 | D:4      | Found a hazy altar of Hepliaklqana.
  3179 | D:4      | Found a stormy altar of Qazlal.
  3179 | D:4      | Found a radiant altar of Vehumet.
  3181 | D:4      | Found an iron altar of Okawaru.
  3210 | D:4      | Noticed Grinder
  3240 | D:4      | Paralysed by Grinder for 4 turns
  3251 | D:4      | Killed Grinder
  3251 | D:4      | Reached skill level 1 in Unarmed Combat
  3251 | D:4      | Reached XP level 6. HP: 19/44 MP: 3/6
  3750 | D:4      | Reached XP level 7. HP: 47/51 MP: 4/7
  3929 | Temple   | Entered the Ecumenical Temple
  4226 | Temple   | Became a worshipper of Dithmenos the Shadowed
  4373 | D:5      | Entered Level 5 of the Dungeon
  4863 | D:5      | Reached skill level 5 in Throwing
  5184 | D:5      | Found a shimmering blue altar of Sif Muna.
  5540 | D:5      | Reached skill level 8 in Stealth
  5683 | D:6      | Found an ornate altar of the Wu Jian Council.
  5801 | D:6      | Reached XP level 8. HP: 57/57 MP: 6/8
  5962 | D:6      | Found a glowing drain.
  6448 | D:7      | Noticed a hippogriff
  6456 | D:7      | Killed a hippogriff
  6463 | D:7      | Reached * piety under Dithmenos
  6662 | D:7      | Reached skill level 1 in Evocations
  6722 | D:7      | Reached skill level 5 in Short Blades
  7071 | D:7      | You fall into a shaft and drop 3 floors!
  7071 | D:10     | Entered Level 10 of the Dungeon
  7198 | D:9      | Reached XP level 9. HP: 53/63 MP: 9/9
  7287 | D:9      | Reached ** piety under Dithmenos
  7399 | D:9      | Found a burning altar of Makhleb.
  7449 | D:9      | Reached skill level 5 in Dodging
  7919 | D:9      | Found a blossoming altar of Fedhas.
  8705 | D:8      | Reached skill level 9 in Stealth
  8752 | D:8      | Noticed a queen bee
  8755 | D:8      | Reached *** piety under Dithmenos
  8755 | D:8      | Reached XP level 10. HP: 71/71 MP: 11/11
  9559 | D:8      | Reached skill level 10 in Stealth
 10295 | D:10     | Noticed an unseen horror
 10340 | D:10     | Reached **** piety under Dithmenos
 10397 | D:10     | Killed an unseen horror
 10398 | D:10     | Noticed a gargoyle
 10405 | D:10     | Killed a gargoyle
 10597 | D:10     | Found Xaixkeox's Armour Shop.
 11588 | D:11     | Noticed a two-headed ogre
 11599 | D:11     | Reached skill level 11 in Stealth
 11675 | D:11     | Reached XP level 11. HP: 37/78 MP: 7/12
 11678 | D:11     | Killed a two-headed ogre
 11881 | D:11     | Reached skill level 5 in Fighting
 11994 | D:11     | Found a staircase to the Lair.
 12174 | Lair:1   | Entered Level 1 of the Lair of Beasts
 12663 | Lair:1   | Reached skill level 12 in Stealth
 13268 | Lair:2   | Found a runed translucent door.
 13413 | Lair:2   | Noticed sixsigma's ghost (journeyman MiFi)
 13716 | Lair:1   | HP: 3/80 [rime drake/flash freeze (19)]
 13895 | Lair:1   | Upgraded the game from 0.25-a0-661-g55ea3d2053 to
                  | 0.25-a0-663-gace7076f2c
 15176 | Lair:3   | Found a runed translucent gate.
 15177 | Lair:3   | Found a runed translucent gate.
 15177 | Lair:3   | Noticed a death ooze
 15178 | Lair:3   | Found a runed translucent gate.
 15178 | Lair:3   | Noticed Naannir's ghost (journeyman SpAs)
 15212 | Lair:2   | Gained mutation: You have large cloven feet. [potion of
                  | mutation]
 15212 | Lair:2   | Gained mutation: You are partially covered in molten
                  | scales. (AC +2) [potion of mutation]
 15212 | Lair:2   | Gained mutation: You are partially covered in icy blue
                  | scales. (AC +2) [potion of mutation]
 15377 | Lair:3   | Reached skill level 10 in Dodging
 15398 | Lair:3   | Found a hole to the Spider Nest.
 15467 | Lair:3   | Reached skill level 13 in Stealth
 15859 | Lair:3   | Found a staircase to the Shoals.
 16192 | Spider:1 | Entered Level 1 of the Spider Nest
 16192 | Spider:1 | Noticed a wolf spider
 16197 | Spider:1 | Killed a wolf spider
 16197 | Spider:1 | Reached XP level 12. HP: 88/88 MP: 13/13
 16220 | Spider:1 | Reached ***** piety under Dithmenos
 16220 | Spider:1 | Reached skill level 10 in Short Blades
 16296 | Spider:1 | Blown up by an orb spider

Levels and vault maps discovered:
D:1:      dpeg_arrival_ternary, layout_basic
D:2:      kennysheep_the_goblin_king, layout_basic, serial_forest,
          infiniplex_forest_straight_2, infiniplex_forest_straight_2,
          infiniplex_forest_lined_2, infiniplex_forest_fountain,
          infiniplex_forest_lined_2, infiniplex_forest_pool,
          infiniplex_forest_fountain, first_ration, uniq_sigmund
D:3:      layout_loops_ring, marbit_many_paths, chequers_ecumenical_altar_lobes,
          minivault_14
D:4:      layout_basic, kennysheep_little_box, overflow_temple_1_default,
          gammafunk_temple_overflow_forgotten, minmay_temple_entry_tees,
          uniq_grinder
D:5:      layout_layer_cave, nicolae_overflow_hidden_temple,
          cheibriados_altar_1, trog_eyes_of_draining, serial_shops,
          nicolae_shop_waterfront, kennysheep_mini_moat, led_sif_pool
D:6:      layout_rooms, lemuel_doored_altar, portal_sewer_entry_f
D:7:      layout_loops_cross, yredelemnul_forgotten_temple_becter
D:8:      layout_rooms, david_nohive_1
D:9:      layout_loops_ring, bloody_makhleb, fedhas_altar_decomposition
D:10:     layout_roguey, serial_shops, shop, minmay_fractal_squares_diagonal_5
D:11:     layout_rooms, lair_entry_dummy
Temple:   jpeg_temple_alley_garden
Lair:1:   layout_roguey, lemuel_old_faithful, grunt_megastairs_3
Lair:2:   layout_regular_city, ebering_ghost_inner_flame, minivault_23
Lair:3:   layout_regular_city, shoals_dummy_entry, spider_nest_entry_web_field,
          gammafunk_ghost_ooze, st_stairs_7, chequers_serial_rivers_large_a,
          infiniplex_staircase_pool
Spider:1: layout_spider_delve, minmay_another_anthill

Skill      XL: |  1  2  3  4  5  6  7  8  9 10 11 12 |
---------------+-------------------------------------+-----
Stealth        | 6 7 8 9 11 13 | 13.3
Throwing       | 2 4 5 7 8 9 |  9.3
Fighting       | 2 3 4 6 |  6.4
Short Blades   | 3 4 5 6 8 9 10 | 10.1
Dodging        | 2 3 4 6 8 10 | 10.5
Unarmed Combat | 1 |  1.1
Evocations     | 1 |  1.7
Armour         | |  0.1

Action                   |  1- 3 |  4- 6 |  7- 9 | 10-12 || total
-------------------------+-------+-------+-------+-------++-------
Melee: Dagger            |    33 |    71 |   447 |  1242 ||  1793
       Unarmed           |     7 |       |       |       ||     7
       Bite              |       |     8 |    50 |   195 ||   253
       Punch             |       |       |     2 |     3 ||     5
       Short sword       |       |       |       |   161 ||   161
       Staff             |       |       |       |     3 ||     3
Throw: Dart              |    48 |    80 |   205 |    67 ||   400
       Boomerang         |     1 |       |    45 |    13 ||    59
       Stone             |       |       |     4 |     2 ||     6
       Throwing net      |       |       |     1 |     6 ||     7
       Javelin           |       |       |       |     5 ||     5
 Abil: Exsanguinate      |       |       |       |     1 ||     1
Evoke: Wand              |       |       |     9 |     6 ||    15
  Use: Scroll            |     4 |     4 |     4 |    16 ||    28
       Potion            |     1 |       |     1 |    13 ||    15
 Stab: Sleeping          |     3 |     1 |    15 |    46 ||    65
       Distracted        |       |       |       |     1 ||     1
       Confused          |       |       |       |     1 ||     1
Armor: Robe              |    14 |    25 |   116 |   268 ||   423
       Skin              |     2 |       |       |       ||     2
       Scale mail        |       |       |    10 |       ||    10
       Leather armour    |       |       |       |     4 ||     4
Dodge: Dodged            |    40 |    53 |   255 |  1038 ||  1386

Table legend:
 A = Non-vault XP
 B = Vault XP
 C = Vault XP percentage of total XP
 D = Non-vault monster count
 E = Vault monster count
 F = Vault count percentage of total count
                 A         B        C        D         E       F
            +---------+---------+-------+---------+---------+-------
      Total |   20910 |    3448 |  14.2 |     271 |      38 |  12.3
            +---------+---------+-------+---------+---------+-------
        D:1 |      22 |       0 |   0.0 |      15 |       0 |   0.0
        D:2 |      11 |      47 |  81.0 |       7 |       7 |  50.0
        D:3 |      77 |       2 |   2.5 |      14 |       1 |   6.7
        D:4 |     300 |     277 |  48.0 |      20 |       1 |   4.8
        D:5 |     380 |       0 |   0.0 |      12 |       0 |   0.0
        D:6 |     539 |      10 |   1.8 |      18 |       4 |  18.2
        D:7 |     948 |       0 |   0.0 |      28 |       0 |   0.0
        D:8 |    1345 |     926 |  40.8 |      31 |      15 |  32.6
        D:9 |    2554 |       0 |   0.0 |      39 |       0 |   0.0
       D:10 |     904 |    1732 |  65.7 |      11 |       8 |  42.1
       D:11 |    2642 |       0 |   0.0 |      23 |       0 |   0.0
     Lair:1 |    3388 |      93 |   2.7 |      18 |       1 |   5.3
     Lair:2 |    2078 |     361 |  14.8 |       9 |       1 |  10.0
     Lair:3 |    3148 |       0 |   0.0 |      18 |       0 |   0.0
   Spider:1 |    2574 |       0 |   0.0 |       8 |       0 |   0.0
            +---------+---------+-------+---------+---------+-------
